 Dungeon Crawl Stone Soup version 0.26.1-13-g052cdd8df3 (webtiles) character file.

Game seed: 6958842551381252499

159 soggyman666 the Chopper (level 5, 30/49 HPs)
             Began as a Deep Dwarf Fighter on June 13, 2021.
             Quit the game on level 3 of the Dungeon on Jan 24, 2022.
             The game lasted 00:07:17 (1636 turns).

soggyman666 the Chopper (Deep Dwarf Fighter)        Turns: 1636, Time: 00:07:18

Health: 30/49      AC:  9    Str: 20    XL:     5   Next: 17%
Magic:  4/4        EV:  5    Int:  9    God:
Gold:   87         SH:  9    Dex: 12    Spells: 4/4 levels left

rFire    . . .     SeeInvis .   a - +0 war axe
rCold    . . .     Faith    .   c - +0 kite shield
rNeg     . . .     Spirit   .   d - +0 chain mail
rPois    .         Reflect  .   (no helmet)
rElec    .         Harm     .   (no cloak)
rCorr    .         Rampage  .   (no gloves)
Will     .....                  (no boots)
Stlth    ..........             (no amulet)
HPRegen  0.00/turn              (no ring)
MPRegen  0.09/turn              (no ring)

@: non-regenerating
A: damage resistance, heal wounds, sense surroundings 1, no regeneration
a: Heal Wounds


You were on level 3 of the Dungeon.
You visited 1 branch of the dungeon, and saw 3 of its levels.

You collected 87 gold pieces.

Inventory:

Hand Weapons
 a - a +0 war axe (weapon)
Armour
 c - a +0 kite shield (worn)
 d - a +0 chain mail (worn)
Scrolls
 g - a scroll of teleportation
 h - 2 scrolls of fog {unknown}
 l - a scroll of fear {unknown}
 m - a scroll of enchant armour {unknown}
 n - a scroll of remove curse {unknown}
Potions
 e - a potion of haste {unknown}
 f - a potion of mutation {unknown}
 j - a potion of attraction {unknown}
 k - a potion of heal wounds


   Skills:
 + Level 3.5 Fighting
 + Level 4.1 Axes
 + Level 3.9 Armour
 + Level 0.5 Dodging
 + Level 0.1 Stealth
 + Level 3.9 Shields


You had 4 spell levels left.
You didn't know any spells.
Your spell library was empty.

Dungeon Overview and Level Annotations

Branches:
Dungeon (3/15)

Altars:


Innate Abilities, Weirdness & Mutations

You are resistant to damage.
You can heal yourself by infusing magical energy.
You passively map a small area around you.
You do not regenerate.


Message History

You closely miss the orc.
The orc is moderately wounded.
The orc hits you but does no damage. You block the orc's attack.
You slash the orc!
You kill the orc!
No target in view!
No target in view!
Things that are here:
a +0 hand axe; a +0 ring mail No target in view!
No target in view!
No target in view!
No target in view!
No target in view!
No target in view!
Saving game... please wait.
Welcome back, soggyman666 the Deep Dwarf Fighter.
Press ? for a list of commands and other information.
Unknown command.
Are you sure you want to abandon this character and quit the game? (Confirm with "yes".)

## .# .######
#########
..†...#
#.....@.# **
.####.#
#[#####.......
.# #.# #)#
####### .# #.#
##)####..,, .#
#.####.........,
, ,* .#
#..............*
, .#
######.........
, . * ##.#......
, *#.##..##. ,,


There were no monsters in sight!

Vanquished Creatures
  An orc wizard (D:3)
  Robin (D:2)
  3 adders
  An ooze (D:1)
  A worm (D:2)
  2 dart slugs (D:1)
  8 orcs (D:3)
  4 giant cockroaches (D:1)
  15 goblins
  10 hobgoblins
  4 jackals (D:2)
  4 ball pythons
  4 bats
  6 frilled lizards
  5 kobolds
  2 rats
71 creatures vanquished.

Notes
Turn   | Place    | Note
-------+----------+-------------------------------------------
     0 | D:1      | soggyman666 the Deep Dwarf Fighter began the quest for the
                  | Orb.
     0 | D:1      | Reached XP level 1. HP: 20/20 MP: 1/1
   188 | D:1      | Reached XP level 2. HP: 24/27 MP: 2/2
   477 | D:1      | Reached skill level 3 in Axes
   477 | D:1      | Reached XP level 3. HP: 25/34 MP: 3/3
  1304 | D:2      | Noticed Robin
  1308 | D:2      | Reached XP level 4. HP: 42/42 MP: 3/3
  1316 | D:2      | Killed Robin
  1590 | D:3      | Reached skill level 4 in Axes
  1599 | D:3      | Reached XP level 5. HP: 31/49 MP: 4/4
  1636 | D:3      | Upgraded the game from 0.26.1-11-gd32895ea62 to
                  | 0.26.1-13-g052cdd8df3
  1636 | D:3      | Quit the game

Illustrated notes

Levels and vault maps discovered:
D:1:      dpeg_arrival_yet_another_circle, layout_basic
D:2:      layout_basic, uniq_robin
D:3:      layout_loops_ring, hangedman_decor_peaks_small,
          corexii_item_surrounded_by_moat, ebering_dispersal_statue_hall,
          grunt_ministairs_5, uniq_ijyb

Skill      XL: |  1  2  3  4 |
---------------+-------------+-----
Fighting       | 3 |  3.5
Axes           | 3 4 |  4.1
Armour         | |  3.9
Dodging        | |  0.5
Stealth        | |  0.1
Shields        | |  3.9

Action                   |  1- 3 |  4- 6 || total
-------------------------+-------+-------++-------
Melee: War axe           |   133 |    83 ||   216
 Abil: Heal Wounds       |     2 |       ||     2
  Use: Scroll            |     3 |       ||     3
       Potion            |       |     1 ||     1
Armor: Scale mail        |    58 |     4 ||    62
       Chain mail        |       |    37 ||    37
Dodge: Dodged            |    44 |    25 ||    69
Block: Kite shield       |    64 |    48 ||   112
